[Event "Titled Tuesday Blitz March 08 Early 2022"]
[White "Gombocz, Ferenc Jr."]
[Black "Barros Rivadeneira, Cristhian"]
[WhiteFideId "775029"]
[BlackFideId "3609677"]
[WhiteElo "1913"]
[BlackElo "2220"]
[Result "1-0"]
[Round "05"]
[TimeControl "180+1"]
[Date "2022.03.09"]
[WhiteClock "0:00:43"]
[BlackClock "0:00:12"]

1. d4 Nf6 2. Nf3 g6 3. Nc3 c5 4. d5 Bg7 5. e4 d6 6. Bd3 O-O 7. O-O a6 8. a4 b6 9. Nd2 Bb7 10. Nc4 Nbd7 11. f4 Ne8 12. Bd2 Nc7 13. Ne3 Nf6 14. g4 b5 15. axb5 axb5 16. Rxa8 Qxa8 17. g5 Nfe8 18. Nxb5 Nxb5 19. Bxb5 Nc7 20. Bd3 e6 21. c4 Bxb2 22. f5 exf5 23. exf5 Bd4 24. Kh1 Re8 25. Re1 Qa3 26. Qc2 Na6 27. fxg6 hxg6 28. Bxg6 Rxe3 29. Bxf7+ Kxf7 30. Qh7+ Ke8 31. Bxe3 Bxe3 32. Qe4+ Kd8 33. Rxe3 Qa1+ 34. Re1 Qd4 35. Qxd4 cxd4 36. g6 1-0


[Site "https://www.chess.com"]

[Event "Titled Tuesday Blitz March 08 Early 2022"]
[White "Goryachkina, Aleksandra"]
[Black "Derraugh, Geordie"]
[WhiteFideId "4147103"]
[BlackFideId "2603950"]
[WhiteElo "2426"]
[BlackElo "2116"]
[Result "1-0"]
[Round "05"]
[TimeControl "180+1"]
[Date "2022.03.09"]
[WhiteClock "0:00:30"]
[BlackClock "0:00:53"]

1. e4 c5 2. Nf3 d6 3. d4 cxd4 4. Nxd4 Nf6 5. Nc3 a6 6. Be2 e5 7. Nf3 h6 8. O-O Be6 9. a4 b6 10. h3 Be7 11. Be3 O-O 12. Qd2 Nbd7 13. Nh4 Nc5 14. Bf3 Rc8 15. Nf5 Bxf5 16. exf5 e4 17. Be2 d5 18. Rfd1 Qc7 19. Nxd5 Nxd5 20. Qxd5 Rfd8 21. Qc4 Qe5 22. Rxd8+ Rxd8 23. c3 Qxf5 24. b4 Nd3 25. Qxa6 Bg5 26. Qxb6 Rc8 27. Bg4 1-0


[Site "https://www.chess.com"]

[Event "Titled Tuesday Blitz March 08 Early 2022"]
[White "Gracia Alvarez, Gerardo Antonio"]
[Black "Van den Dikkenberg, Erik"]
[WhiteFideId "5109124"]
[BlackFideId "1005880"]
[WhiteElo "2139"]
[BlackElo "2118"]
[Result "1-0"]
[Round "05"]
[TimeControl "180+1"]
[Date "2022.03.09"]
[WhiteClock "0:00:11"]
[BlackClock "0:00:01"]

1. e4 c5 2. Nc3 d6 3. d4 cxd4 4. Qxd4 Nc6 5. Qd2 g6 6. b3 Bh6 7. f4 e5 8. Nb5 Bxf4 9. Qxd6 Qxd6 10. Nxd6+ Ke7 11. Bxf4 exf4 12. O-O-O Be6 13. Nxb7 Nf6 14. Nc5 Ng4 15. Rd2 Ne3 16. Nf3 Rad8 17. Bd3 Nb4 18. a3 Nxd3+ 19. Nxd3 Rc8 20. Nd4 g5 21. Re1 Rhd8 22. Nxe6 fxe6 23. g3 Rxd3 24. Rxd3 Rxc2+ 25. Kb1 Rxh2 26. gxf4 gxf4 27. e5 h5 28. Rc3 Nd5 29. Rc4 Rh3 30. Rg1 f3 31. Ra4 f2 32. Rxa7+ Kf8 33. Rf1 Rh2 34. Ra4 Ne3 35. Rf4+ Ke7 36. R1xf2 1-0


[Site "https://www.chess.com"]

[Event "Titled Tuesday Blitz March 08 Early 2022"]
[White "Guliyev, Namig"]
[Black "Prohorov, Olexandr"]
[WhiteFideId "13400363"]
[BlackFideId "14105578"]
[WhiteElo "2487"]
[BlackElo "1993"]
[Result "1-0"]
[Round "05"]
[TimeControl "180+1"]
[Date "2022.03.09"]
[WhiteClock "0:02:27"]
[BlackClock "0:00:21"]

1. e4 c5 2. Nc3 a6 3. a4 Nc6 4. g3 g6 5. Bg2 Bg7 6. d3 d6 7. Nge2 e6 8. Be3 Nd4 9. Qd2 Ne7 10. O-O O-O 11. Nd1 Rb8 12. c3 Nxe2+ 13. Qxe2 b5 14. axb5 axb5 15. f4 Qc7 16. Nf2 d5 17. e5 Bb7 18. Rfc1 Qd7 19. Bxc5 Rbc8 20. b4 f6 21. exf6 Bxf6 22. Ng4 Bg7 23. Re1 Nf5 24. d4 Rfe8 25. Ra7 Qc6 26. Ne5 Bxe5 27. Qxe5 Ra8 28. Rxa8 Bxa8 29. g4 Nh4 30. f5 Nxg2 31. Kxg2 gxf5 32. gxf5 Qa6 33. fxe6 Qa2+ 34. Re2 Qb1 35. Qg5+ Kh8 36. Bd6 1-0


[Site "https://www.chess.com"]

[Event "Titled Tuesday Blitz March 08 Early 2022"]
[White "Havas, Ladislav"]
[Black "Agasarov, Benik"]
[WhiteFideId "14501090"]
[BlackFideId "13314823"]
[WhiteElo "2206"]
[BlackElo "2560"]
[Result "0-1"]
[Round "05"]
[TimeControl "180+1"]
[Date "2022.03.09"]
[WhiteClock "0:00:50"]
[BlackClock "0:00:10"]

1. d4 Nf6 2. Bg5 Ne4 3. h4 Nxg5 4. hxg5 c5 5. dxc5 e6 6. g6 fxg6 7. Qd3 Qf6 8. Nc3 Bxc5 9. Nf3 Nc6 10. O-O-O d5 11. e4 d4 12. Ne2 e5 13. Kb1 Bg4 14. Qb5 Bb6 15. Ng3 Bxf3 16. gxf3 O-O-O 17. Rd3 Kc7 18. Bh3 Qd6 19. a3 Qc5 20. Qb3 Na5 21. Qf7+ Kb8 22. Qxg7 Nc4 23. Be6 h5 24. Bxc4 Qxc4 25. Qxg6 h4 26. Nf5 h3 27. Qg7 Rc8 28. Rd2 Qc7 29. Qg3 Rcg8 30. Qh2 Ba5 31. Rdd1 Rc8 32. Rc1 Bd2 33. Rhd1 Bf4 34. Qh1 Bxc1 35. Rxc1 d3 36. c3 Qc4 37. Ne3 Qb3 38. Rd1 Rxc3 39. Qh2 Re8 40. Qxh3 Rc2 41. Nxc2 dxc2+ 0-1


[Site "https://www.chess.com"]

[Event "Titled Tuesday Blitz March 08 Early 2022"]
[White "Heinemann, Josefine"]
[Black "Fajdetic, Hrvoje"]
[WhiteFideId "12900460"]
[BlackFideId "14501945"]
[WhiteElo "2300"]
[BlackElo "2172"]
[Result "0-1"]
[Round "05"]
[TimeControl "180+1"]
[Date "2022.03.09"]
[WhiteClock "0:00:38"]
[BlackClock "0:00:14"]

1. Nf3 f5 2. b3 d6 3. Bb2 e5 4. d3 Nf6 5. Nbd2 Be7 6. e4 O-O 7. exf5 Bxf5 8. Be2 Nc6 9. O-O Qe8 10. Re1 Nh5 11. d4 Qg6 12. Nxe5 dxe5 13. Bxh5 Qh6 14. d5 Bc5 15. Bf3 Nd4 16. Bxd4 Bxd4 17. Rb1 Bc3 18. Re3 Bd4 19. Re2 g5 20. Be4 Bg4 21. Nf3 Rf4 22. Qd3 Bb6 23. c4 Raf8 24. b4 Bxf3 25. Bxf3 g4 26. Bxg4 Bxf2+ 27. Kh1 Rxg4 28. h3 Rg3 0-1


[Site "https://www.chess.com"]

[Event "Titled Tuesday Blitz March 08 Early 2022"]
[White "Hernandez Jimenez, Alexander Andres"]
[Black "Kim, Sergey"]
[WhiteFideId "3900452"]
[BlackFideId "13700570"]
[WhiteElo "2082"]
[BlackElo "2553"]
[Result "1-0"]
[Round "05"]
[TimeControl "180+1"]
[Date "2022.03.09"]
[WhiteClock "0:00:03"]
[BlackClock "0:01:12"]

1. e4 e5 2. Nf3 Nc6 3. Bc4 Bc5 4. d3 Nf6 5. O-O d6 6. c3 a6 7. Bb3 Ba7 8. Nbd2 O-O 9. Nc4 Nh5 10. Nfxe5 Nxe5 11. Qxh5 Bg4 12. Qg5 Qxg5 13. Bxg5 Nxd3 14. Ne3 Be6 15. Rab1 h6 16. Bh4 Nc5 17. Nd5 Bxd5 18. exd5 Nxb3 19. axb3 Rfe8 20. Rfe1 f6 21. Bg3 Kf7 22. Kf1 Bb6 23. f3 g5 24. h4 f5 25. hxg5 hxg5 26. Bf2 Bxf2 27. Kxf2 Re5 28. c4 Rae8 29. Rxe5 dxe5 30. g4 Kg6 31. Rh1 e4 32. gxf5+ Kxf5 33. Rh7 exf3 34. Kxf3 g4+ 35. Kf2 Rc8 36. Rf7+ Kg5 37. Kg3 b5 38. Rg7+ Kf5 39. Rxg4 Kf6 40. Kf4 Rh8 41. Ke4 Rh2 42. Kd4 Rxb2 43. Rg3 b4 44. Kc5 Rc2 45. Kxb4 Ke5 46. Kc5 a5 47. Re3+ Kf6 48. Kc6 Ra2 49. Kxc7 Ra3 50. d6 a4 51. d7 Rxb3 52. d8=Q+ Kf5 53. Qf8+ Kg4 54. Re1 a3 55. Rg1+ Kh4 56. Qh8# 1-0


[Site "https://www.chess.com"]

[Event "Titled Tuesday Blitz March 08 Early 2022"]
[White "Hua, Lefong"]
[Black "Alonso Rosell, Alvar"]
[WhiteFideId "2602253"]
[BlackFideId "2270544"]
[WhiteElo "2622"]
[BlackElo "2474"]
[Result "0-1"]
[Round "05"]
[TimeControl "180+1"]
[Date "2022.03.08"]
[WhiteClock "0:00:20"]
[BlackClock "0:00:34"]

1. d4 Nf6 2. c4 e6 3. Nc3 Bb4 4. f3 d5 5. a3 Be7 6. e4 dxc4 7. Bxc4 c5 8. Nge2 O-O 9. Be3 cxd4 10. Nxd4 a6 11. Qe2 Bd7 12. O-O Nc6 13. Rfd1 Qc7 14. Rac1 Rac8 15. Ba2 Qe5 16. f4 Nxd4 17. Rxd4 Qc7 18. e5 Ne8 19. Bb1 g6 20. Rdd1 Bc6 21. Ne4 Ng7 22. Nd6 Rcd8 23. Bc5 b6 24. Qxa6 bxc5 25. Rxc5 Bxd6 26. exd6 Bb7 27. Qa7 Qb8 28. Qxb8 Rxb8 29. b4 Rfd8 30. b5 Bd5 31. a4 Ne8 32. a5 Nxd6 33. b6 Nb7 34. Rb5 Bc6 35. Rxd8+ Rxd8 36. Rb2 Nxa5 0-1


[Site "https://www.chess.com"]

[Event "Titled Tuesday Blitz March 08 Early 2022"]
[White "Ianov, Viktor"]
[Black "Bures, Vit"]
[WhiteFideId "14102730"]
[BlackFideId "309052"]
[WhiteElo "2161"]
[BlackElo "2118"]
[Result "1/2-1/2"]
[Round "05"]
[TimeControl "180+1"]
[Date "2022.03.09"]
[WhiteClock "0:01:27"]
[BlackClock "0:01:01"]

1. Nf3 d5 2. g3 Nf6 3. Bg2 c6 4. O-O Bg4 5. d3 Nbd7 6. Nbd2 e5 7. e4 dxe4 8. dxe4 Bc5 9. h3 Bh5 10. Qe1 O-O 11. Nc4 Qc7 12. Bg5 Rfe8 13. a4 a5 14. Bd2 h6 15. Bxa5 b6 16. Bc3 Bxf3 17. Bxf3 b5 18. axb5 cxb5 19. Na5 b4 20. Bxb4 Bxb4 21. Qxb4 Reb8 22. Qc3 Qxc3 23. bxc3 Rc8 24. Ra3 Nc5 25. Re1 Rc7 26. Nc4 Rxa3 27. Nxa3 Na4 28. Nb5 Rc5 29. Rb1 Nxc3 30. Nxc3 Rxc3 31. Kg2 Rxc2 32. Rb5 Nd7 33. Rd5 Rc7 34. Bg4 Nf6 35. Rxe5 Nxg4 36. hxg4 g6 37. g5 hxg5 38. Rxg5 Kg7 39. e5 Rc3 40. f4 f6 41. exf6+ Kxf6 42. Re5 Ra3 43. Kf2 Rb3 44. Re2 Ra3 45. Re3 Ra4 46. Kf3 Rb4 47. Kg4 g5 48. Rf3 Kg6 49. Rc3 gxf4 50. Rc6+ Kg7 51. gxf4 Rb5 52. f5 Rb1 53. Rg6+ Kf7 54. Re6 Rg1+ 55. Kf4 Rf1+ 56. Ke5 Re1+ 57. Kd6 Rd1+ 58. Ke5 Re1+ 59. Kd5 Rd1+ 60. Ke5 Re1+ 1/2-1/2


[Site "https://www.chess.com"]

[Event "Titled Tuesday Blitz March 08 Early 2022"]
[White "Iskusnyh, Sergei"]
[Black "Levin, Anthony"]
[WhiteFideId "4120027"]
[BlackFideId "30940680"]
[WhiteElo "2492"]
[BlackElo "1868"]
[Result "1-0"]
[Round "05"]
[TimeControl "180+1"]
[Date "2022.03.09"]
[WhiteClock "0:00:56"]
[BlackClock "0:00:03"]

1. d4 Nf6 2. c4 g6 3. g3 Bg7 4. Bg2 d5 5. cxd5 Nxd5 6. Nf3 O-O 7. O-O Nb6 8. Nc3 Nc6 9. e3 a5 10. h3 a4 11. Qe2 e5 12. dxe5 Nxe5 13. Nxe5 Bxe5 14. e4 a3 15. Qc2 axb2 16. Bxb2 Nc4 17. Rad1 Qe8 18. Bc1 c6 19. Bh6 Na3 20. Qc1 Bg7 21. Bxg7 Kxg7 22. f4 Be6 23. f5 Bc4 24. f6+ Kh8 25. Qh6 Rg8 26. Rf4 Qf8 27. Qg5 b6 28. Rh4 Ra5 29. e5 Qc5+ 30. Kh2 Qxe5 31. Qh6 Qxf6 32. Qxh7# 1-0


[Site "https://www.chess.com"]

[Event "Titled Tuesday Blitz March 08 Early 2022"]
[White "Istvanovszki, Martin"]
[Black "Sovetbekova, Nurai"]
[WhiteFideId "726958"]
[BlackFideId "13801910"]
[WhiteElo "2345"]
[BlackElo "1538"]
[Result "1-0"]
[Round "05"]
[TimeControl "180+1"]
[Date "2022.03.09"]
[WhiteClock "0:02:01"]
[BlackClock "0:00:42"]

1. e4 c5 2. Nc3 d6 3. f4 Nc6 4. Nf3 g6 5. Bc4 Bg7 6. O-O e6 7. f5 exf5 8. d3 Nge7 9. Qe1 O-O 10. Qh4 Ne5 11. Bg5 Re8 12. Nd5 N5c6 13. Nf6+ Bxf6 14. Bxf6 fxe4 15. Bxf7+ Kxf7 16. Ng5+ 1-0


[Site "https://www.chess.com"]

[Event "Titled Tuesday Blitz March 08 Early 2022"]
[White "Jaferian, Koosha"]
[Black "Fier, Alexandr"]
[WhiteFideId "12507440"]
[BlackFideId "2107139"]
[WhiteElo "2030"]
[BlackElo "2571"]
[Result "0-1"]
[Round "05"]
[TimeControl "180+1"]
[Date "2022.03.08"]
[WhiteClock "0:00:49"]
[BlackClock "0:01:57"]

1. Nf3 Nf6 2. b3 d6 3. d4 c5 4. Bb2 cxd4 5. Nxd4 g6 6. g3 Bg7 7. Bg2 O-O 8. c4 d5 9. cxd5 Nxd5 10. O-O e5 11. Nb5 a6 12. Qxd5 axb5 13. Qxb5 Nc6 14. Nc3 Nd4 15. Qd3 Bf5 16. e4 Bg4 17. Nd5 Be2 18. Qd2 Bxf1 19. Kxf1 f5 20. Kg1 Kh8 21. Bxd4 exd4 22. Re1 fxe4 23. Bxe4 Re8 24. f3 Qd6 25. a4 Rac8 26. Qd3 Qa3 27. Re2 Rc1+ 28. Kf2 Qa1 29. Nf4 Rh1 0-1


[Site "https://www.chess.com"]

[Event "Titled Tuesday Blitz March 08 Early 2022"]
[White "Jakubowska, Anna"]
[Black "Perez Gormaz, Matias"]
[WhiteFideId "1121952"]
[BlackFideId "3406342"]
[WhiteElo "1924"]
[BlackElo "2327"]
[Result "0-1"]
[Round "05"]
[TimeControl "180+1"]
[Date "2022.03.09"]
[WhiteClock "0:02:01"]
[BlackClock "0:01:47"]

1. e4 c5 2. Nc3 Nc6 3. g3 g6 4. Bg2 Bg7 5. d3 Rb8 6. Nh3 b5 7. Be3 b4 8. Na4 Qa5 9. O-O Qxa4 10. f4 Bxb2 11. Rb1 Bd4 12. Qe2 b3 13. axb3 Bxe3+ 14. Qxe3 Qd4 15. Qxd4 Nxd4 16. f5 Nf6 17. e5 Ng4 18. fxg6 hxg6 19. Ng5 Ne2+ 0-1


[Site "https://www.chess.com"]

[Event "Titled Tuesday Blitz March 08 Early 2022"]
[White "Janturin, Artur"]
[Black "Mohammadian, Mohammad"]
[WhiteFideId "4130022"]
[BlackFideId "12566055"]
[WhiteElo "2341"]
[BlackElo "1544"]
[Result "1-0"]
[Round "05"]
[TimeControl "180+1"]
[Date "2022.03.09"]
[WhiteClock "0:00:36"]
[BlackClock "0:01:21"]

1. e4 e5 2. f4 exf4 3. Nf3 d6 4. Bc4 h6 5. h4 Nf6 6. Nc3 Bg4 7. d4 Nc6 8. Bxf4 Be7 9. Qd2 O-O 10. O-O-O a6 11. Bxh6 b5 12. Qg5 g6 13. Qxg6+ Kh8 14. Qg7# 1-0


[Site "https://www.chess.com"]

[Event "Titled Tuesday Blitz March 08 Early 2022"]
[White "Jary, Sergey"]
[Black "Leve, Nitai"]
[WhiteFideId "14110350"]
[BlackFideId "2006898"]
[WhiteElo "2260"]
[BlackElo "2144"]
[Result "1-0"]
[Round "05"]
[TimeControl "180+1"]
[Date "2022.03.09"]
[WhiteClock "0:01:19"]
[BlackClock "0:00:05"]

1. e4 c6 2. d4 d5 3. Nd2 dxe4 4. Nxe4 Nf6 5. Nxf6+ gxf6 6. Bc4 Rg8 7. g3 Bg4 8. f3 Bh5 9. Kf2 Nd7 10. c3 e5 11. h4 Qc7 12. g4 O-O-O 13. gxh5 exd4 14. Ke2 Ne5 15. Bf4 dxc3 16. Qb3 cxb2 17. Rb1 Bc5 18. Kf1 Bxg1 19. Rxg1 Rxg1+ 20. Kxg1 Rg8+ 21. Kh1 Qd7 22. Bf1 Qf5 23. Qxb2 b6 24. Qc1 Nxf3 25. Qxc6+ Kd8 26. Bc7+ Ke7 27. Qd6+ Ke8 28. Qd8# 1-0


[Site "https://www.chess.com"]

[Event "Titled Tuesday Blitz March 08 Early 2022"]
[White "Johnson, Ben"]
[Black "Khabinets, Ivan"]
[WhiteFideId "2010917"]
[BlackFideId "14115980"]
[WhiteElo "2192"]
[BlackElo "2114"]
[Result "0-1"]
[Round "05"]
[TimeControl "180+1"]
[Date "2022.03.09"]
[WhiteClock "0:00:01"]
[BlackClock "0:00:52"]

1. Nf3 Nf6 2. c4 e6 3. b3 c5 4. Bb2 d5 5. cxd5 exd5 6. e3 Nc6 7. Bb5 Bd7 8. O-O Be7 9. d4 O-O 10. Bxc6 bxc6 11. Ne5 cxd4 12. Bxd4 Bd6 13. Nd2 Qc7 14. Ndf3 Rfe8 15. Nxd7 Nxd7 16. h3 a5 17. Rc1 a4 18. Bb2 axb3 19. axb3 Rab8 20. Qc2 Rb6 21. Rfd1 Nc5 22. Nd4 Reb8 23. Nf5 Ne6 24. Nxd6 Qxd6 25. Bd4 Ra6 26. Qf5 Rxb3 27. Be5 Qd7 28. h4 f6 29. Bc3 Nc5 30. Qf4 Ne4 31. Bd4 Ra2 32. Rf1 Rd3 33. h5 Rdd2 34. h6 Rxf2 35. Rxf2 Rxf2 0-1


[Site "https://www.chess.com"]

[Event "Titled Tuesday Blitz March 08 Early 2022"]
[White "Jones, Gawain C B"]
[Black "Sadhwani, Raunak"]
[WhiteFideId "409561"]
[BlackFideId "35093487"]
[WhiteElo "2842"]
[BlackElo "3014"]
[Result "0-1"]
[Round "05"]
[TimeControl "180+1"]
[Date "2022.03.08"]
[WhiteClock "0:00:04"]
[BlackClock "0:00:10"]

1. Nf3 Nf6 2. b3 g6 3. Bb2 Bg7 4. g3 O-O 5. Bg2 d6 6. d4 b5 7. Ne5 dxe5 8. Bxa8 c6 9. a4 b4 10. dxe5 Nd5 11. Qd4 Nb6 12. Qxb4 Na6 13. Qe4 Nxa8 14. Qxc6 Nb4 15. Qc5 Qb6 16. Qxb6 Nxb6 17. Na3 Bf5 18. O-O-O Rc8 19. Rd2 h5 20. Rhd1 Rc7 21. Nb5 Rb7 22. Nd4 Bh6 23. f4 Be4 24. Ba3 N6d5 25. Nb5 a6 26. Bxb4 Nxb4 27. Nc3 Bf5 28. e4 Bg4 29. Rd8+ Kg7 30. R1d2 g5 31. f5 Bf3 32. Kb2 g4 33. R2d7 Rxd7 34. Rxd7 Nc6 35. Rc7 Nxe5 36. Rxe7 Nc6 37. Rc7 Nd4 38. b4 Be3 39. b5 axb5 40. axb5 Ne2 41. Nxe2 Bxe2 42. c4 Bg1 43. Kc2 Bxh2 44. b6 Bxg3 45. Kd2 Bf3 46. Ke3 h4 47. Rc8 h3 48. e5 h2 49. Re8 h1=Q 50. f6+ Kh7 51. Kd3 Qd1+ 52. Kc3 Be1+ 53. Kb2 Qd4+ 54. Kb3 Qxb6+ 0-1


[Site "https://www.chess.com"]

[Event "Titled Tuesday Blitz March 08 Early 2022"]
[White "Jumabayev, Rinat"]
[Black "Kim, Yoon-Young"]
[WhiteFideId "13702661"]
[BlackFideId "30908779"]
[WhiteElo "2561"]
[BlackElo "2109"]
[Result "1-0"]
[Round "05"]
[TimeControl "180+1"]
[Date "2022.03.08"]
[WhiteClock "0:00:11"]
[BlackClock "0:00:12"]

1. d4 Nf6 2. c4 c6 3. Nf3 d5 4. Qb3 dxc4 5. Qxc4 Bf5 6. g3 e6 7. Bg2 Be7 8. O-O O-O 9. e3 Nbd7 10. Qe2 Qc7 11. Bd2 h6 12. Rc1 e5 13. Nc3 exd4 14. Nxd4 Bh7 15. e4 Bc5 16. Nb3 Bb6 17. Bf4 Ne5 18. Nd5 Nxd5 19. exd5 Rfe8 20. dxc6 bxc6 21. a4 g5 22. Bxe5 Rxe5 23. Qf3 Be4 24. Qc3 Bxg2 25. Kxg2 Re2 26. Rc2 Rae8 27. Rf1 a5 28. Rxe2 Rxe2 29. Nc1 Re4 30. b3 Qd7 31. Qf3 Qd5 32. h3 f5 33. Kg1 Rd4 34. Qe3 Qe4 35. Qc3 Qd5 36. Qe3 Kf7 37. Ne2 Rd3 38. Qxb6 f4 39. Qc7+ Kg6 40. Qe7 Rd2 41. Re1 fxg3 42. Nxg3 Qf3 43. Qe4+ Qxe4 44. Nxe4 Rd3 45. Re3 Rd4 46. Kg2 Rb4 47. Nc5 Kf5 48. Nd7 g4 49. Re5+ Kg6 50. hxg4 Rxg4+ 51. Kf1 Rb4 52. Nc5 h5 53. Re4 Rb6 54. Rc4 Kg5 55. Rc3 h4 56. Kg2 Kg4 57. Nd3 Kf5 58. Ne1 Rb8 59. Nf3 Kg4 60. Nh2+ Kg5 61. Nf1 Rc8 62. Ne3 c5 63. Nc4 Ra8 64. Rd3 Kg4 65. Rf3 Rb8 66. Nxa5 Rb4 67. Nc4 Rb8 68. Ne3+ Kg5 69. Rf5+ Kg6 70. Rxc5 Rxb3 71. Rc4 Ra3 72. Rxh4 Kg5 73. Rg4+ Kf6 74. Rc4 Ke5 75. Kf3 Kd6 76. Ke4 Ra1 77. f4 Re1 78. Rd4+ Kc6 79. Rc4+ Kb6 80. f5 Ka5 81. Kd4 Kb6 82. Nd5+ Kb7 83. f6 Rf1 84. Ke5 Kb8 85. Kd6 Ka7 86. Ke6 Ka6 87. f7 Re1+ 88. Kf6 Re4 89. Rxe4 Kb7 1-0


[Site "https://www.chess.com"]

[Event "Titled Tuesday Blitz March 08 Early 2022"]
[White "Kadam, Om Manish"]
[Black "Pein, Jonathan"]
[WhiteFideId "45076294"]
[BlackFideId "417092"]
[WhiteElo "1729"]
[BlackElo "2140"]
[Result "1-0"]
[Round "05"]
[TimeControl "180+1"]
[Date "2022.03.09"]
[WhiteClock "0:00:39"]
[BlackClock "0:00:03"]

1. e4 e5 2. Nf3 d6 3. d4 exd4 4. Nxd4 Nf6 5. Nc3 g6 6. Bc4 Bg7 7. O-O O-O 8. f3 a6 9. a4 Re8 10. Kh1 Nc6 11. Nxc6 bxc6 12. Bg5 h6 13. Bh4 g5 14. Bg3 Rb8 15. Rb1 Nh5 16. Bf2 Qf6 17. Bb3 Be6 18. Bxe6 Rxe6 19. Qd3 Nf4 20. Qxa6 c5 21. Be3 Ree8 22. Bxf4 gxf4 23. Nd5 Qd8 24. c3 Qd7 25. Nxf4 Ra8 26. Qd3 Rxa4 27. Nh5 Rb8 28. f4 Qg4 29. Nxg7 Qxg7 30. Rf3 Kh8 31. e5 dxe5 32. fxe5 Rg4 33. Qf1 Qxe5 34. Rxf7 Rbg8 35. Rf2 Qe4 36. Re1 Qc6 37. Ree2 R4g6 38. Rf5 c4 39. Rf8 Qd6 40. Rxg8+ Rxg8 41. h3 Qd3 42. Qf4 Qg6 43. Qxc4 Rd8 44. Qxc7 Rf8 45. Kh2 1-0


[Site "https://www.chess.com"]

[Event "Titled Tuesday Blitz March 08 Early 2022"]
[White "Kaganskiy, Gleb"]
[Black "Bodnaruk, Anastasia"]
[WhiteFideId "4132025"]
[BlackFideId "4181751"]
[WhiteElo "2165"]
[BlackElo "2393"]
[Result "0-1"]
[Round "05"]
[TimeControl "180+1"]
[Date "2022.03.09"]
[WhiteClock "0:00:29"]
[BlackClock "0:00:35"]

1. e4 c5 2. Nf3 d6 3. Bb5+ Nd7 4. O-O a6 5. Bxd7+ Bxd7 6. d4 cxd4 7. Qxd4 e5 8. Qd3 h6 9. c4 Nf6 10. Nc3 Be7 11. a4 O-O 12. h3 Bc6 13. Be3 a5 14. Nd5 Bxd5 15. cxd5 Nd7 16. Rfc1 Qb8 17. Qb5 Nc5 18. Nxe5 dxe5 19. Bxc5 Re8 20. Bxe7 Rxe7 21. Rc3 Qd6 22. Rac1 Kh7 23. Qc5 Qd8 24. d6 Rd7 25. Rd3 f6 26. Qd5 Ra6 27. Rcd1 Raxd6 28. Qxd6 Rxd6 29. Rxd6 Qc7 30. R6d5 Qc2 31. R1d3 Qxb2 32. Rg3 Qa1+ 33. Kh2 Qxa4 34. Rc5 Qd7 35. Rxa5 h5 36. Rb3 Qd2 37. Rab5 Qxf2 38. Rxb7 Qf4+ 39. Rg3 h4 40. Rxg7+ Kh6 41. Rg6+ Kh5 42. Rg4 hxg3+ 43. Rxg3 Kh4 44. Kh1 Kxg3 0-1


[Site "https://www.chess.com"]

[Event "Titled Tuesday Blitz March 08 Early 2022"]
[White "Kamsky, Gata"]
[Black "Alavi, Sayed Javad"]
[WhiteFideId "2000024"]
[BlackFideId "12500607"]
[WhiteElo "2645"]
[BlackElo "2475"]
[Result "1/2-1/2"]
[Round "05"]
[TimeControl "180+1"]
[Date "2022.03.08"]
[WhiteClock "0:00:15"]
[BlackClock "0:00:10"]

1. d4 Nf6 2. Nf3 d5 3. Bf4 e6 4. e3 Bd6 5. Bxd6 Qxd6 6. c4 dxc4 7. Nc3 a6 8. Bxc4 O-O 9. O-O c5 10. e4 cxd4 11. e5 Qc5 12. Qxd4 Qxd4 13. Nxd4 Nfd7 14. f4 b5 15. Be2 Bb7 16. Rfd1 Nb6 17. a4 b4 18. a5 bxc3 19. axb6 cxb2 20. Rab1 Nd7 21. Rxb2 Nc5 22. Rc1 Rfc8 23. f5 Na4 24. Rxc8+ Rxc8 25. Rb4 Rc1+ 26. Kf2 Nc5 27. fxe6 fxe6 28. Ke3 Kf7 29. Bf3 Ke7 30. Bxb7 Nxb7 31. Ra4 Nc5 32. Rb4 Nb7 33. Ra4 a5 34. Kd2 Rc5 35. Nf3 Rb5 36. Rh4 h6 37. Rg4 g5 38. h4 Rxb6 39. hxg5 hxg5 40. Rxg5 a4 41. Rg7+ Kf8 42. Rc7 a3 43. Rc8+ Ke7 44. Ra8 Rb2+ 45. Kc3 Rxg2 46. Rxa3 Nc5 47. Kd4 Nd7 48. Ra7 Rg4+ 49. Ke3 Ke8 1/2-1/2


[Site "https://www.chess.com"]

[Event "Titled Tuesday Blitz March 08 Early 2022"]
[White "Kanyamarala, Tarun"]
[Black "Rudzinska, Michalina"]
[WhiteFideId "45004714"]
[BlackFideId "1172883"]
[WhiteElo "2075"]
[BlackElo "1904"]
[Result "1-0"]
[Round "05"]
[TimeControl "180+1"]
[Date "2022.03.09"]
[WhiteClock "0:00:08"]
[BlackClock "0:00:23"]

1. d4 c5 2. d5 d6 3. c3 e5 4. e3 f5 5. c4 Nf6 6. Nc3 g6 7. h4 Bg7 8. h5 O-O 9. hxg6 hxg6 10. Nf3 Ng4 11. Be2 a6 12. Nh4 Qf6 13. Bxg4 fxg4 14. Ne4 Qf7 15. Bd2 Bf6 16. Nxd6 Qg7 17. Nxc8 Rxc8 18. Qxg4 Nd7 19. Qxg6 Qxg6 20. Nxg6 Kg7 21. Nh4 Rh8 22. g3 b5 23. b3 bxc4 24. bxc4 Rab8 25. Ke2 Kf7 26. Rab1 Nb6 27. Kd3 e4+ 28. Kxe4 Nxc4 29. Kd3 Nb2+ 30. Ke2 c4 31. Bc1 Na4 32. Rxb8 Rxb8 33. Nf5 Rb1 34. g4 Bb2 35. Nd6+ Kg6 36. Nxc4 Bxc1 37. Ne5+ Kf6 38. f4 Rb2+ 39. Kf3 Bd2 40. g5+ Ke7 41. Rh7+ Kd6 42. Rd7+ Kc5 43. Nd3+ Kc4 44. Nxb2+ Nxb2 45. g6 1-0


[Site "https://www.chess.com"]

[Event "Titled Tuesday Blitz March 08 Early 2022"]
[White "Karolczuk, Iwo"]
[Black "Bethke, Richard"]
[WhiteFideId "21816972"]
[BlackFideId "12959243"]
[WhiteElo "2243"]
[BlackElo "2522"]
[Result "0-1"]
[Round "05"]
[TimeControl "180+1"]
[Date "2022.03.09"]
[WhiteClock "0:00:02"]
[BlackClock "0:00:23"]

1. e4 c5 2. Nf3 d6 3. d4 cxd4 4. Nxd4 Nf6 5. Nc3 a6 6. Be3 e5 7. Nb3 Be6 8. Be2 h5 9. Qd3 Nc6 10. a3 d5 11. exd5 Nxd5 12. O-O-O Nxe3 13. Qxe3 Qc7 14. Nd5 Bxd5 15. Rxd5 g6 16. Kb1 Bg7 17. Rhd1 O-O 18. Rd7 Qc8 19. g4 Nd4 20. Nxd4 exd4 21. Qe7 Qc6 22. Rc7 Rae8 23. Qxf8+ Kxf8 24. Rxc6 bxc6 25. Bxa6 hxg4 26. Bd3 f5 27. a4 Ra8 28. b3 Kf7 29. Rh1 Bf8 30. h3 gxh3 31. Rxh3 Bb4 32. Rh7+ Kf6 33. Rh1 Bc3 34. Ka2 c5 35. Kb1 Re8 36. Kc1 g5 37. Bb5 Re7 38. Bd3 g4 39. Kd1 Kg5 40. Be2 Kf4 41. Rh5 Rg7 42. Rh1 g3 43. fxg3+ Rxg3 44. Rf1+ Ke5 45. Rf3 Rg1+ 46. Rf1 Rg2 47. Bf3 Rd2+ 48. Kc1 f4 49. Re1+ Kf6 50. Rf1 Kf5 51. Bc6 Rh2 52. Bb7 Kg4 53. Rg1+ Kh3 54. Bc8+ Kh4 55. Kd1 Rd2+ 56. Kc1 Re2 57. Kd1 f3 58. Rf1 Kg3 59. Bb7 Re3 60. Kc1 f2 0-1


[Site "https://www.chess.com"]